 Dungeon Crawl Stone Soup version 0.16-a0-1885-g0f03bb0 (webtiles) character file.

74 timbw the Slasher (level 4, -3/33 HPs)
             Began as a Human Gladiator on Nov 7, 2014.
             Slain by a gnoll
             ... wielding a +0 halberd
              (8 damage)
             ... on level 3 of the Dungeon.
             The game lasted 00:03:34 (1250 turns).

timbw the Slasher (Human Gladiator)                 Turns: 1250, Time: 00:03:34

Health: -3/33      AC:  7    Str: 16    XL:     4   Next: 52%
Magic:  4/4        EV:  8    Int:  8    God:
Gold:   151        SH:  0    Dex: 14    Spells: 0 memorised, 3 levels left

rFire  . . .     SeeInvis .     a - +0 long sword
rCold  . . .     Clarity  .     m - +0 scale mail (curse)
rNeg   . . .     SustAb   .     (no shield)
rPois  .         Gourm    .     c - +0 helmet
rElec  .         Spirit   .     (no cloak)
rCorr  .         Warding  .     (no gloves)
rMut   .         Stasis   .     (no boots)
MR     .....                    (no amulet)
Stlth  ..........               (no ring)
                                s - ring of wizardry

@: not resistant to hostile enchantments, extremely unstealthy
A: no striking features
a: no special abilities


You were on level 3 of the Dungeon.
You were not hungry.

You visited 1 branch of the dungeon, and saw 3 of its levels.

You collected 151 gold pieces.

Inventory:

Hand weapons
 a - a +0 long sword (weapon)
Missiles
 r - 6 javelins (quivered)
Armour
 b - a +0 leather armour
 c - a +0 helmet (worn)
 m - a cursed +0 scale mail (worn)
Jewellery
 s - a ring of wizardry (left hand)
Magical devices
 t - a wand of polymorph (12)
Scrolls
 i - a scroll of random uselessness {unknown}
 l - a scroll of noise {unknown}
 n - a scroll of enchant weapon {unknown}
 p - 2 scrolls of magic mapping {unknown}
 u - a scroll of recharging {unknown}
Potions
 e - a potion of confusion {unknown}
 g - a potion of restore abilities {unknown}
 j - a potion of porridge
 k - a potion of agility {unknown}
 o - a potion of haste {unknown}
Comestibles
 f - a bread ration
 h - a meat ration
 q - a chunk of flesh


   Skills:
 + Level 2.0 Fighting
 * Level 4.9 Long Blades
 - Level 2.0 Throwing
 - Level 3.0 Dodging


You had 3 spell levels left.
You didn't know any spells.

Dungeon Overview and Level Annotations

Branches:
Dungeon (3/15)

Altars:
Fedhas
Okawaru
Sif Muna


Message History

The gnoll hits you with a halberd.
Things that are here:
a jackal corpse; a giant gecko corpse Throwing (i - inventory. (,) - cycle):
d - 2 throwing nets (quivered)
Press: ? - help, Shift-Dir - straight line, f - gnoll
Aim: a gnoll, wielding a halberd You throw a throwing net.
The throwing net closely misses the gnoll.
The gnoll closely misses you.
You barely miss the gnoll. The gnoll barely misses you.
You hit the gnoll but do no damage. The gnoll hits you with a halberd!
* * * LOW HITPOINT WARNING * * *
Throwing (i - inventory. (,) - cycle):
d - a throwing net (quivered)
Press: ? - help, Shift-Dir - straight line, f/p - gnoll
Aim: a gnoll, wielding a halberd You throw a throwing net.
The throwing net hits the gnoll.
The gnoll is caught in the net!
Your scale mail prevents you from hitting the gnoll.
The gnoll hits you with a halberd!
You die...

#...# #...........
#...# #...........
#...# #....†......
#...# #...........
#...# #...........
#...# #...........
#...###...........
#...#.............
#@###.#...........
#g................
#####.#...........
#.#...........
#.#...........
#.#..†......$.
#.#.hg........
#....?........
###...........


You could see a gnoll.

Vanquished Creatures
  3 adders
  An ooze (D:3)
  An orc (D:3)
  5 bats
  2 giant cockroaches
  4 goblins
  3 hobgoblins
  5 kobolds
  4 quokkas
  A ball python (D:3)
  4 giant geckos
  2 giant newts
  4 jackals
  3 rats
42 creatures vanquished.

Notes
Turn   | Place    | Note
--------------------------------------------------------------
     0 | D:1      | timbw, the Human Gladiator, began the quest for the Orb.
     0 | D:1      | Reached XP level 1. HP: 16/16 MP: 1/1
   164 | D:1      | Reached XP level 2. HP: 15/22 MP: 2/2
   542 | D:1      | Reached skill level 4 in Long Blades
   542 | D:1      | Reached XP level 3. HP: 24/27 MP: 3/3
   628 | D:2      | Found an iron altar of Okawaru.
   724 | D:2      | Found a deep blue altar of Sif Muna.
   843 | D:2      | Found a blossoming altar of Fedhas.
   980 | D:3      | Reached XP level 4. HP: 29/33 MP: 4/4
  1250 | D:3      | Slain by a gnoll

Action                   |  1- 3 |  4- 6 || total
-------------------------+-------+-------++-------
Melee: Long sword        |    97 |    42 ||   139
Throw: Throwing net      |     3 |     4 ||     7
  Eat: Chunk             |       |     1 ||     1
